 Dungeon Crawl Stone Soup version 0.18-a0-1655-ge2d8d33 (webtiles) character file.

556 Magnus the Covert (level 7, -7/46 HPs)
             Began as a Vampire Enchanter on Mar 31, 2016.
             Killed by divine providence
             ... invoked by an orc priest
              (13 damage)
             ... on level 4 of the Dungeon.
             The game lasted 00:12:58 (3312 turns).

Magnus the Covert (Vampire Enchanter)               Turns: 3312, Time: 00:12:58

Health: -7/46      AC:  4    Str:  7    XL:     7   Next: 8%
Magic:  1/10       EV: 12    Int: 19    God:
Gold:   155        SH:  0    Dex: 15    Spells: 4 memorised, 1 level left

rFire  . . .     SeeInvis +     a - +1 dagger
rCold  . . .     Gourm    .     b - +1 robe
rNeg   + . .     Faith    .     (no shield)
rPois  .         Spirit   .     (no helmet)
rElec  .         Dismiss  .     (no cloak)
rCorr  .         Reflect  .     v - +0 pair of gloves
SustAt .         Harm     .     (no boots)
MR     .....                    (no amulet)
Stlth  +++++.....               (no ring)
                                (no ring)

@: not resistant to hostile enchantments, quite stealthy
A: fangs 3, see invisible, unbreathing
a: Bat Form


You were on level 4 of the Dungeon.
You were not thirsty.

You visited 1 branch of the dungeon, and saw 4 of its levels.

You collected 155 gold pieces.

Inventory:

Hand Weapons
 a - a +1 dagger (weapon)
Armour
 b - a +1 robe (worn)
 v - a +0 pair of gloves (worn)
Jewellery
 i - a cursed -3 ring of evasion {unknown}
 t - an uncursed ring of poison resistance {unknown}
 u - an uncursed ring of stealth {unknown}
Scrolls
 e - a scroll of blinking
 g - 3 scrolls of remove curse
 j - 5 scrolls of identify
 k - a scroll of random uselessness {unknown}
 l - 2 scrolls of magic mapping {unknown}
 m - a scroll of noise {unknown}
 n - 2 scrolls of recharging {unknown}
 r - 2 scrolls of amnesia {unknown}
 s - 2 scrolls of enchant weapon {unknown}
 w - a scroll of immolation {unknown}
 x - 2 scrolls of fear {unknown}
Potions
 d - 11 potions of blood
 f - 2 potions of cancellation
 h - 3 potions of curing {unknown}
 o - a potion of heal wounds {unknown}
 p - a potion of brilliance {unknown}
 q - a potion of mutation {unknown}
Books
 c - a book of Maledictions

   Spells                             Type                      Level
   a - Corona                         Hexes                        1
   b - Ensorcelled Hibernation        Hexes/Ice                    2
   c - Confuse                        Hexes                        3
   d - Tukima's Dance                 Hexes                        3
   e - Dazzling Spray                 Conjuration/Hexes            3


   Skills:
 - Level 2.0 Short Blades
 - Level 2.1 Dodging
 + Level 9.5 Stealth
 - Level 2.0 Spellcasting
 + Level 8.4 Hexes


You had one spell level left.
You knew the following spells:

 Your Spells              Type           Power        Failure   Level  Hunger
a - Corona                Hex            ####...      1%          1    #......
b - Ensorcelled Hibernat  Hex/Ice        ###...       6%          2    ###....
c - Confuse               Hex            ####....     1%          3    ###....
d - Dazzling Spray        Conj/Hex       ###.....     12%         3    ###....


Dungeon Overview and Level Annotations

Branches:
Dungeon (4/15)
 Temple: D:4-7

Altars:


Innate Abilities, Weirdness & Mutations

You have razor-sharp teeth.
You have supernaturally acute eyesight.
You can survive without breathing.


Message History

The orc priest is lightly wounded.
You hit the orc priest but do no damage.
The orc priest is lightly wounded.
The orc priest completely misses you.
You hit the orc priest.
The orc priest is heavily wounded.
The orc priest hits you with a falchion.
* * * LOW HITPOINT WARNING * * *
You hit the orc priest but do no damage.
The orc priest is heavily wounded.
The orc priest hits you with a falchion.
* * * LOW HITPOINT WARNING * * *
You barely miss the orc priest.
The orc priest is heavily wounded.
The orc priest misses you.
You closely miss the orc priest.
The orc priest is heavily wounded.
The orc priest mumbles some strange prayers to Beogh against you.
Beogh smites you!
You die...

..............##.#.#.#.....#.#
..............##.#...#.#####.#
........(.....##.#...........#
..............##.#...#.#######
..............##.#...#.#
..............##.#.#.#.#
............).##.#.#>#.#
..............##.#.#.#.#
..............##@#...#.#
............(.##o#####.#
...................#
...................#
............(......#
...................#
...............)...#
...................#
..............##)###


You could see an orc priest.

Vanquished Creatures
  A centaur (D:4)
  A crimson imp (D:3)
  2 orc priests (D:4)
  An iguana (D:4)
  7 orc wizards
  A hound skeleton (D:4)
  5 gnolls
  2 adders
  An ooze (D:4)
  A worm (D:3)
  A dart slug (D:3)
  17 orcs
  4 giant cockroaches
  4 goblins
  9 hobgoblins
  3 jackals (D:2)
  A quokka (D:2)
  A ball python (D:2)
  5 bats
  A giant newt (D:4)
  6 kobolds
  A quokka skeleton (D:4)
  3 rats (D:3)
78 creatures vanquished.

Notes
Turn   | Place    | Note
--------------------------------------------------------------
     0 | D:1      | Magnus the Vampire Enchanter began the quest for the Orb.
     0 | D:1      | Reached XP level 1. HP: 13/13 MP: 3/3
   807 | D:1      | Reached XP level 2. HP: 10/19 MP: 5/5
   814 | D:1      | Learned a level 2 spell: Ensorcelled Hibernation
  1263 | D:2      | Reached skill level 5 in Stealth
  1326 | D:2      | Reached skill level 5 in Hexes
  1326 | D:2      | Reached XP level 3. HP: 24/24 MP: 1/6
  1331 | D:2      | Learned a level 3 spell: Confuse
  1437 | D:2      | Reached skill level 6 in Stealth
  1467 | D:2      | Reached XP level 4. HP: 30/30 MP: 1/7
  1922 | D:3      | Reached skill level 7 in Stealth
  1922 | D:3      | Reached XP level 5. HP: 35/35 MP: 4/8
  2679 | D:4      | Noticed a centaur
  2690 | D:4      | Killed a centaur
  2690 | D:4      | Reached skill level 8 in Stealth
  2690 | D:4      | Reached XP level 6. HP: 19/41 MP: 0/9
  2919 | D:4      | Reached skill level 9 in Stealth
  3159 | D:4      | Reached XP level 7. HP: 46/46 MP: 5/10
  3175 | D:4      | Learned a level 3 spell: Dazzling Spray
  3312 | D:4      | Killed from afar by an orc priest

Vault maps used:
D:1:      scummos_arrival_star
D:2:      hangedman_decor_points
D:3:      kennysheep_generic_room_4
D:4:      first_bread

Skill      XL: |  1  2  3  4  5  6 |
---------------+-------------------+-----
Short Blades   | 2 |  2.0
Stealth        | 5 6 7 8 9 |  9.5
Hexes          | 5 6 7 8 |  8.4
Dodging        | |  2.1
Spellcasting   | |  2.0

Action                   |  1- 3 |  4- 6 |  7- 9 || total
-------------------------+-------+-------+-------++-------
Melee: Dagger            |    66 |   176 |    22 ||   264
 Cast: Ensorcelled Hiber |    10 |    36 |     7 ||    53
  Use: Scroll            |       |     4 |       ||     4
       Potion            |       |     8 |       ||     8
 Stab: Sleeping          |    12 |    28 |     4 ||    44
       Distracted        |     1 |     1 |       ||     2
